cohdb
Replays
Latest Replays
All Replays
Popular Replays
Top Player Replays
Match Explorer
How It Works
Community
CoH3 Stats
Reddit
Sign in to upload your games and track your stats! →
Sign in with Steam
Match 43634788
Unlisted
Match 43634788
Overview
Messages
Build Orders
End
Construct Weapon Support Center
Engineer Squad
Selects Airborne Battlegroup
Selects Heavy Machine Gun Paradrop
Heavy Machine Gun Paradrop
Heavy Machine Gun Paradrop
Mechanized Support Center
Selects Paratrooper Squad Paradrop
Paratrooper Squad Paradrop
M3 Armored Personnel Carrier
Heavy Machine Gun Paradrop
Paratrooper Squad Paradrop
Engineer Squad
Construct Tank Depot
Selects Anti-tank Gun Team Paradrop
Selects Recon Loiter
M4A1 Sherman Medium Tank
Anti-tank Gun Team Paradrop
woof_raff
Czajniczek
tonni peperonni
Fridod
0
0
Comments
sign in to comment!
No comments posted yet!